 Dungeon Crawl Stone Soup version 0.29.1-1-gd02db6906a (webtiles) character file.

Game seed: 1269339784328769835

35 idk333 the Trooper (level 3, -4/30 (33) HPs)
             Began as a Minotaur Berserker on Sept 22, 2022.
             Was a Believer of Trog.
             Slain by an orc
             ... wielding a +1 flail of draining
              (7 damage)
             ... on level 3 of the Dungeon on Sept 23, 2022.
             The game lasted 00:15:39 (2446 turns).

idk333 the Trooper (Minotaur Berserker)             Turns: 2446, Time: 00:15:40

HP:   -4/30 (33)    AC:  2    Str: 23    XL:     3   Next: 17%
MP:   2/2           EV: 12    Int:  4    God:    Trog [**....]
Gold: 41            SH:  0    Dex:  9    Spells: 2/2 levels left

rFire   . . .      SeeInvis .   a - +0 hand axe
rCold   . . .      Faith    .   (no shield)
rNeg    . . .      Spirit   .   b - +0 animal skin
rPois   .          Reflect  .   (helmet restricted)
rElec   .          Harm     .   (no cloak)
rCorr   .          Rampage  .   (no gloves)
Will    .....                   (no boots)
Stlth   +.........              (no amulet)
HPRegen 0.10/turn               (no ring)
MPRegen 0.08/turn               (no ring)

@: drained
A: horns 2, retaliatory headbutt
a: Renounce Religion, Berserk, Trog's Hand


You were on level 3 of the Dungeon.
You worshipped Trog.
Trog was pleased with you.
You visited 1 branch of the dungeon, and saw 3 of its levels.

You collected 41 gold pieces.

Inventory:

Hand Weapons
 a - a +0 hand axe (weapon)
Armour
 b - a +0 animal skin (worn)
Scrolls
 e - a scroll of teleportation {unknown}
 f - a scroll of amnesia {unknown}
 g - a scroll of immolation {unknown}
 i - a scroll of fear {unknown}
Potions
 c - a potion of degeneration {unknown}
 d - 4 potions of curing {unknown}
 h - a potion of attraction {unknown}


   Skills:
 + Level 4.2 Fighting
 + Level 4.2 Axes
 + Level 2.5 Armour
 + Level 2.8 Dodging


You had 2 spell levels left.
You didn't know any spells.
Your spell library was empty.

Dungeon Overview and Level Annotations

Branches:
Dungeon (3/15)

Altars:

Shops:
D:2 :

Annotations:
D:1 1 exclusion
D:3 1 runed translucent door, warriortoast's ghost, amateur DECj


Innate Abilities, Weirdness & Mutations

You have a pair of horns on your head.
You reflexively headbutt those who attack you in melee.


Message History

You are frozen.
The endoplasm attacks as you move away! The endoplasm misses you.
The endoplasm attacks as you move away! The endoplasm misses you.
The endoplasm attacks as you move away! The endoplasm hits you.
Found a runed translucent door.
A worm comes into view.
The adder hisses angrily.
Found a stone staircase leading down.
There is an open door here.
The endoplasm barely misses you. You furiously retaliate!
You headbutt the endoplasm. The endoplasm attacks as you move away!
The endoplasm misses you.
The orc hits you with a +1 flail of draining.
You feel drained. The endoplasm attacks as you move away!
The endoplasm hits you. The endoplasm attacks as you move away!
The endoplasm hits you. The endoplasm attacks as you move away!
The endoplasm hits you.
Found 6 gold pieces.
The endoplasm attacks as you move away! The endoplasm completely misses you.
The endoplasm attacks as you move away!
The endoplasm hits you but does no damage.
The endoplasm attacks as you move away! The endoplasm completely misses you.
You furiously retaliate!
You headbutt the endoplasm.
You kill the endoplasm!
Trog accepts your kill.
Found a scroll labelled EBROWIO HURE.
The orc attacks as you move away!
The orc hits you with a +1 flail of draining.
You feel drained.
Found a stone staircase leading down.
A gnoll comes into view. It is wielding a +0 spear.
Found a stone staircase leading up. 3 gnolls come into view.
Found a scroll labelled KOORUA GO UDD.
The gnoll shouts!
The orc attacks as you move away! The orc barely misses you.
The gnoll hits you from afar with a +0 spear!
* * * LOW HITPOINT WARNING * * *
The orc attacks as you move away!
The orc hits you with a +1 flail of draining!
You die...

###.#
........# .#
#########.# .
#..... #r# ..
#....# #o# ..
#.ggg# #o#
#..#..?.# #.#
#..>..g.+ #.#
##......####o#
.....?.@oo.o.#
....###.#...##
. <..+..$+
#####...#
.......
#########


You could see 4 gnolls and 4 orcs.

Vanquished Creatures
  2 endoplasms
  A giant cockroach (D:1)
  2 goblins (D:1)
  3 hobgoblins
  10 jackals (D:1)
  2 kobolds
  2 quokkas
  A ball python (D:3)
  2 bats
  5 rats (D:1)
30 creatures vanquished.

Notes
Turn   | Place    | Note
-------+----------+-------------------------------------------
     0 | D:1      | idk333 the Minotaur Berserker began the quest for the Orb.
     0 | D:1      | Reached XP level 1. HP: 19/19 MP: 0/0
   242 | D:1      | Reached XP level 2. HP: 17/27 MP: 1/1
   783 | D:1      | Found a faded altar of an unknown god.
   994 | D:1      | Reached ** piety under Trog
  1128 | D:1      | Reached XP level 3. HP: 33/33 MP: 2/2
  2242 | D:2      | Found Weuvux's Book Shop.
  2424 | D:3      | Found a runed translucent door.
  2428 | D:3      | Noticed warriortoast's ghost (amateur DECj)
  2446 | D:3      | Slain by an orc

Illustrated notes

Levels and vault maps discovered:
D:1:      nicolae_arrival_somewhat_less_tricky_arrival, layout_basic,
          hellmonk_ecumenical_altar_dog_temple
D:2:      layout_basic, serial_shops, shop, basic_altar
D:3:      minmay_bubble_buster, layout_basic, ebering_ghost_sewer_d

Skill      XL: |  1  2 |
---------------+-------+-----
Axes           | 4 |  4.2
Fighting       | 4 |  4.2
Armour         | |  2.5
Dodging        | |  2.8

Action                   || total
-------------------------++-------
Melee: Hand axe          ||    46
       Headbutt          ||     5
Armor: Animal skin       ||    22
Dodge: Dodged            ||    99
